 Dungeon Crawl Stone Soup version 0.31-a0-167-g1c394c0614 (webtiles) character file.

Game seed: 10656975173443674747

1019 dohliylev the Ruffian (level 8, -4/117 HPs)
             Began as a Troll Berserker on June 14, 2023.
             Was a Priest of Trog.
             Slain by a +0 long sword of chaos (7 damage)
             ... on level 6 of the Dungeon.
             The game lasted 00:07:18 (3975 turns).

dohliylev the Ruffian (Troll Berserker)             Turns: 3975, Time: 00:07:19

Health: -4/117     AC:  4    Str: 28    XL:     8   Next: 2%
Magic:  7/7        EV: 10    Int:  3    God:    Trog [***...]
Gold:   278        SH:  0    Dex:  9    Spells: 7/7 levels left

rFire   . .          .
                       - Unarmed
rCold   . . .        (no shield)
rNeg    . . .        a - +0 animal skin
rPois   .            (helmet restricted)
rElec   .            (no cloak)
rCorr   .            (gloves unavailable)
SInv    .            (boots unavailable)
Will    ++...        B - amulet of regeneration Stlth
                     c - ring of ice
HPRegen 2.99/turn    s - ring of fire
MPRegen 0.10/turn

%: no passive effects
@: berserking (expiring), lethally poisoned (-4 -> -4), strong-willed,
regenerating, very quick
A: large, unfitting armour, claws 3, regeneration 1, shaggy fur 1, tough skin 1
a: Renounce Religion, Berserk, Trog's Hand


You were on level 6 of the Dungeon.
You worshipped Trog.
Trog was most pleased with you.
You visited 1 branch of the dungeon, and saw 6 of its levels.

You collected 278 gold pieces.

Inventory:

Missiles
 y - 2 javelins
Armour
 a - a +0 animal skin (worn)
Jewellery
 c - a ring of ice (left claw)
 s - a ring of fire (right claw)
 B - an amulet of regeneration (around neck)
Wands
 t - a wand of mindburst (19)
 x - a wand of iceblast (2) (quivered)
 C - a wand of flame (12)
Scrolls
 b - a scroll of poison {unknown}
 d - 9 scrolls of identify {unknown}
 e - 3 scrolls of amnesia {unknown}
 h - 2 scrolls of noise {unknown}
 i - a scroll of enchant armour {unknown}
 m - 2 scrolls of revelation {unknown}
 n - 3 scrolls of fog {unknown}
 p - a scroll of brand weapon {unknown}
 q - a scroll of torment {unknown}
 r - a scroll of silence {unknown}
 v - a scroll of vulnerability {unknown}
 w - a scroll of teleportation {unknown}
Potions
 f - a potion of brilliance {unknown}
 g - a potion of lignification {unknown}
 j - 2 potions of curing {unknown}
 k - a potion of enlightenment {unknown}
 l - a potion of magic {unknown}
 o - a potion of invisibility {unknown}
 u - a potion of attraction {unknown}
 z - a potion of berserk rage {unknown}
 A - 2 potions of haste {unknown}
 D - a potion of degeneration {unknown}


   Skills:
 * Level 4.1 Fighting
 * Level 4.8 Dodging
 + Level 7.3 Unarmed Combat


You had 7 spell levels left.
You didn't know any spells.
Your spell library was empty.

Dungeon Overview and Level Annotations

Branches:
Dungeon (6/15)             Temple (0/1) D:5

Altars:
Sif Muna
Xom
Zin

Shops:
D:2 ?   D:3 !   D:6 *

Annotations:
D:6 discopopstar's ghost, novice DECj


Innate Abilities, Weirdness & Mutations

You are too large for most types of armour.
You have claws for hands.
Your natural rate of healing is unusually fast.
You are covered in fur. (AC +1)
You have tough skin. (AC +1)


Message History

You open the door. The +0 long sword of chaos hits you!
You are poisoned.
A red film seems to cover your vision as you go berserk!
You feel yourself moving faster!
You feel mighty!
You feel very sick. The +0 long sword of chaos hits you!
The +0 long sword of chaos freezes you. The +0 long sword of chaos hits you!
You blink.
You barely miss the +0 long sword of chaos.
Your claw misses the +0 long sword of chaos.
You feel sick. The +0 long sword of chaos hits you. Space warps around you.
You miss the +0 long sword of chaos.
You feel sick. The +0 long sword of chaos hits you.
The +0 long sword of chaos burns you.
You claw the +0 long sword of chaos!
The +0 long sword of chaos is moderately damaged.
You feel sick.
The +0 long sword of chaos closely misses you.
You miss the +0 long sword of chaos.
The +0 long sword of chaos is moderately damaged.
You feel sick. The +0 long sword of chaos hits you!
The +0 long sword of chaos burns you.
You miss the +0 long sword of chaos.
The +0 long sword of chaos is moderately damaged.
You feel sick.
You miss the +0 long sword of chaos.
The +0 long sword of chaos is moderately damaged.
The +0 long sword of chaos hits you!
You are electrocuted!!
* * * LOW HITPOINT WARNING * * *
You barely miss the +0 long sword of chaos.
The +0 long sword of chaos is moderately damaged.
You feel sick.
The +0 long sword of chaos closely misses you.
You closely miss the +0 long sword of chaos.
The +0 long sword of chaos is lightly damaged.
The +0 long sword of chaos completely misses you.
You claw the +0 long sword of chaos!
The +0 long sword of chaos is severely damaged.
You feel sick. The +0 long sword of chaos hits you!!
* * * LOW HITPOINT WARNING * * *
The +0 long sword of chaos burns you!
You die...

##.....###..#...#..###......#
#.###.###...#..#.####......#
##.###........#.#....#......#
#........>#....##...........#
##.######....####.#####......#
.>.#######...##...# ##.......#
................#####..#######
......######.....:##..##
###..#### ##...@.##.##
........# ###(###..# ####....#
#.W$##.## #....#
##.##..############# #....#
###....##.........# ###.##
###.##..#........<# #..#
#...###.#.........# ##.###
#.### #....#.###### #...## #.#
##...##...#


You could see a +0 long sword of chaos and discopopstar's ghost.

Vanquished Creatures
  2 ice beasts
  A black bear (D:6)
  An ogre (D:5)
  A phantom (D:6)
  A kobold brigand (D:5)
  A scorpion (D:4)
  2 hounds
  2 orc priests (D:5)
  A sleepcap (D:5)
  3 orc wizards
  2 iguanas
  6 adders
  A shadow imp (D:6)
  An ufetubus (D:6)
  3 worms
  A dart slug (D:1)
  29 orcs
  4 bats
  9 endoplasms
  2 giant cockroaches (D:3)
  8 goblins
  7 hobgoblins
  2 quokkas
  6 ball pythons
  3 frilled lizards
  11 kobolds
  4 rats
114 creatures vanquished.

Notes
Turn   | Place    | Note
-------+----------+-------------------------------------------
     0 | D:1      | dohliylev the Troll Berserker began the quest for the Orb.
     0 | D:1      | Reached XP level 1. HP: 22/22 MP: 0/0
   116 | D:1      | Reached XP level 2. HP: 29/29 MP: 1/1
   796 | D:2      | Found Iwoadac's Magic Scroll Shoppe.
   814 | D:2      | Reached ** piety under Trog
   824 | D:2      | Reached XP level 3. HP: 36/36 MP: 2/2
   960 | D:2      | Reached XP level 4. HP: 44/44 MP: 3/3
   965 | D:2      | Reached skill level 4 in Unarmed Combat
  1468 | D:3      | Found Itebyunn's Distillery.
  1582 | D:3      | Reached XP level 5. HP: 53/53 MP: 4/4
  1657 | D:3      | Found a shimmering blue altar of Sif Muna.
  2618 | D:4      | Reached *** piety under Trog
  2736 | D:4      | Reached skill level 5 in Unarmed Combat
  2826 | D:5      | Entered Level 5 of the Dungeon
  2936 | D:5      | Reached XP level 6. HP: 60/61 MP: 5/5
  3108 | D:5      | Reached skill level 6 in Unarmed Combat
  3108 | D:5      | Reached XP level 7. HP: 68/68 MP: 6/6
  3269 | D:5      | Found a staircase to the Ecumenical Temple.
  3795 | D:6      | Reached skill level 7 in Unarmed Combat
  3836 | D:6      | Reached XP level 8. HP: 77/78 MP: 7/7
  3883 | D:6      | Found Zin's Purification Station.
  3886 | D:6      | Found a glowing silver altar of Zin.
  3957 | D:6      | Found a runed translucent door.
  3957 | D:6      | Found a shimmering altar of Xom.
  3957 | D:6      | Noticed discopopstar's ghost (novice DECj)
  3958 | D:6      | Noticed a +0 long sword of chaos
  3975 | D:6      | HP: 3/117 [+0 long sword of chaos (27)]
  3975 | D:6      | Slain by a +0 long sword of chaos

Illustrated notes

Levels and vault maps discovered:
D:1:      arrival_zaba_pyramid, layout_basic
D:2:      layout_loops_ring, serial_bayou, serial_bayou_pond_b,
          serial_bayou_lagoon_a, serial_bayou_pond_e, serial_shops, shop,
          hangedman_decor_opposing
D:3:      layout_loops_ring, led_sif_book, serial_shops,
          nicolae_shop_industrial_runoff, st_stairs_9, hangedman_decor_riveting
D:4:      layout_loops_cross
D:5:      layout_loops_ring, temple_doors_e
D:6:      layout_rooms, zin_purify, ebering_ghost_xom,
          hangedman_decor_diamond_cutter

Skill      XL: |  1  2  3  4  5  6  7 |
---------------+----------------------+-----
Dodging        | 3 4 |  4.8
Fighting       | 3 4 |  4.1
Unarmed Combat | 4 5 6 7 |  7.3

Action                     |  1- 3 |  4- 6 |  7- 9 || total
---------------------------+-------+-------+-------++-------
  Melee: Unarmed           |    74 |   131 |    68 ||   273
         Punch             |     1 |     6 |       ||     7
 Invoke: Berserk           |       |     4 |     3 ||     7
         Trog's Hand       |       |     2 |     1 ||     3
  Evoke: Wand              |       |       |     1 ||     1
   Stab: Sleeping          |       |     1 |       ||     1
 Armour: Animal skin       |    17 |    29 |    19 ||    65
  Dodge: Dodged            |    33 |    63 |    28 ||   124

Table legend: (Time is in decaauts)
 A = Elapsed time spent in this place.
 B = Non-inter-level travel time spent in this place.
 C = Inter-level travel time spent in this place.
 D = Time resting spent in this place.
 E = Time spent auto-exploring this place.
 F = Levels seen in this place.
 G = Mean time per level.
                   A        B        C        D        E       F      G
               +--------+--------+--------+--------+--------+-----+--------+
         Total |   3983 |   3890 |     93 |    188 |   3024 |   6 |  663.8 |
       Dungeon |   3983 |   3890 |     93 |    188 |   3024 |   6 |  663.8 |
               +--------+--------+--------+--------+--------+-----+--------+

Top non-repeatable levels by time:
     D:3: 864 daAuts
     D:1: 700 daAuts
     D:5: 682 daAuts
     D:4: 652 daAuts
     D:2: 600 daAuts
     D:6: 482 daAuts
